cohdb
Replays
Latest Replays
All Replays
Popular Replays
Top Player Replays
Match Explorer
How It Works
Community
CoH3 Stats
Reddit
Sign in to upload your games and track your stats! →
Sign in with Steam
Match 42155810
Unlisted
Match 42155810
Overview
Messages
Build Orders
End
Construct Infanterie Kompanie
Selects Italian Coastal Battlegroup
Selects Coastal Reserves
Coastal Reserve
MG 42 Machine Gun Team
Coastal Reserve
Coastal Reserve
GrW 34 Mortar Team
Medical Station
Coastal Reserve
Selects Support Bunkers
Construct Panzergrenadier Kompanie
Selects Rapid Fortifications
Pak 40 Anti-tank Gun Team
Selects Artillery Officer
Rapid Fortifications
Medical Bunker
Rapid Fortifications
MG 42 Bunker
Pak 40 Anti-tank Gun Team
Support Elements
StuG III G Assault Gun
Oydi.sh
Sir Winston Churchil
Insomniac
BLITZKRIEG BOB
0
0
Comments
sign in to comment!
No comments posted yet!